 Dungeon Crawl Stone Soup version 0.31.0-1-g2c135a008e (webtiles) character file.

Game seed: 505692094276473248

47 qw the Shooter (level 3, -2/29 HPs)
             Began as a Djinni Hunter on Jan 23, 2024.
             Slain by a scorpion (3 damage)
             ... on level 2 of the Dungeon.
             The game lasted 00:00:04 (1108 turns).

qw the Shooter (Djinni Hunter)                      Turns: 1108, Time: 00:00:04

Health: -2/29      AC:  5    Str: 10    XL:     3   Next: 97%
Gold:   64         EV: 11    Int: 10    God:
                   SH:  0    Dex: 18

rFire   + + .        a - +0 shortbow (flame)
rCold   x . .        (shield currently unavailable)
rNeg    . . .        e - +0 ring mail
rPois   inf          (no helmet)
rElec   .            (no cloak)
rCorr   .            (no gloves)
SInv    .            (boots unavailable)
Will    .....        (no amulet)
Stlth   +            (no ring)
HPRegen 0.24/turn    (no ring)
MPRegen 0.00/turn

%: infuse magic (-3 HP)
@: flying
A: sickness immunity, fire resistance 2, cold vulnerability 1, float, innate
caster, HP casting, extra vitality 1
a: no special abilities


You were on level 2 of the Dungeon.
You visited 1 branch of the dungeon, and saw 2 of its levels.

You collected 64 gold pieces.


Innate Abilities, Weirdness & Mutations

You are immune to sickness and miasma.
You are immune to poison.
Your flesh is very heat resistant. (rF++)
You are vulnerable to cold. (rC-)
You float through the air rather than walking.
You learn spells naturally, not from books.
Your magical power is your life essence.
You have superior vitality. (+4 MHP)


   Skills:
 + Level 2.3 Fighting
 - Level 4.0 Ranged Weapons
 - Level 1.0 Armour
 - Level 2.1 Dodging
 - Level 0.7 Stealth


You knew the following spells:

 Your Spells              Type           Power      Damage    Failure   Level
a - Apportation           Tloc           0%         N/A       67%         1
Your spell library was empty.

Inventory:

Hand Weapons
 a - a +0 shortbow of flaming (weapon)
Armour
 d - the +2 robe "Xostrod" {rPois rF- Int+3 Dex+4}
   (You found it on level 2 of the Dungeon)

   Int+3:     It affects your intelligence (+3).
   Dex+4:     It affects your dexterity (+4).
   rF-:       It makes you vulnerable to fire.
   rPois:     It protects you from poison
 e - a +0 ring mail (worn)
Jewellery
 b - an amulet of regeneration
Scrolls
 c - a scroll of silence {unknown}
Potions
 f - a potion of cancellation {unknown}
 h - 2 potions of curing {unknown}

Dungeon Overview and Level Annotations

Branches:
Dungeon (2/15)

Altars:


Message History

The scorpion is lightly wounded.
The scorpion completely misses you. The scorpion stings you.
You shoot an arrow. The arrow closely misses the scorpion.
The scorpion stings you but does no damage.
The scorpion barely misses you.
You shoot an arrow. The arrow hits the scorpion.
The arrow burns the scorpion.
The scorpion is heavily wounded.
The scorpion barely misses you.
You shoot an arrow. The arrow closely misses the scorpion.
The scorpion stings you! The scorpion barely misses you.
You shoot an arrow. The arrow barely misses the scorpion.
The scorpion stings you.
You shoot an arrow. The arrow closely misses the scorpion.
The scorpion stings you. The scorpion closely misses you.
You shoot an arrow.
The arrow hits the scorpion but does no damage.
The scorpion is heavily wounded.
The scorpion closely misses you.
The scorpion stings you but does no damage.
You shoot an arrow.
The arrow hits the scorpion but does no damage.
The scorpion is heavily wounded.
The scorpion stings you.
You shoot an arrow.
The arrow hits the scorpion but does no damage.
The scorpion is heavily wounded.
The scorpion stings you. x2
You shoot an arrow. The arrow barely misses the scorpion.
The scorpion stings you but does no damage. x2
You shoot an arrow. The arrow hits the scorpion.
The arrow burns the scorpion.
The scorpion is severely wounded.
The scorpion barely misses you.
You shoot an arrow.
The arrow hits the scorpion but does no damage.
The scorpion is severely wounded.
The scorpion barely misses you. The scorpion stings you.
You shoot an arrow. The arrow closely misses the scorpion.
The scorpion stings you but does no damage.
The scorpion stings you.
You die...

#...#....... #...##.....#
######### ##...###...##
........######..#########
#######.............#
#..##########.# #..#...
#..#s##### #.<@.....#
#.##.##### .... ... ###.#
..... #. ....... ..
....... ## #######


You could see a scorpion.

Vanquished Creatures
  A gnoll (D:1)
  An adder (D:2)
  3 endoplasms
  A giant cockroach (D:2)
  5 goblins
  2 jackals (D:1)
  2 kobolds
  2 quokkas (D:2)
  4 ball pythons
  A bat (D:1)
  2 frilled lizards (D:1)
  5 rats
29 creatures vanquished.

Notes
Turn   | Place    | Note
-------+----------+-------------------------------------------
     0 | D:1      | qw the Djinni Hunter began the quest for the Orb.
     0 | D:1      | Reached XP level 1. HP: 18/18 MP: 0/0
     0 | D:1      | 0 ||| qw: Version: 0.3-a-135-gb77e89d
     0 | D:1      | 0 ||| qw: Game counter: 945
     0 | D:1      | 0 ||| qw: Melee chars always use a shield: true
     0 | D:1      | 0 ||| qw: God list: Okawaru
     0 | D:1      | 0 ||| qw: Allow faded altars: false
     0 | D:1      | 0 ||| qw: Do Orc after clearing Dungeon:15 true
     0 | D:1      | 0 ||| qw: Do second Lair branch before Depths: true
     0 | D:1      | 0 ||| qw: Lair rune preference: random
     0 | D:1      | 0 ||| qw: Goals: Normal
     0 | D:1      | 0 ||| PLANNING D:1-11
   210 | D:1      | Reached XP level 2. HP: 23/23 MP: 0/0
   736 | D:1      | Reached skill level 4 in Ranged Weapons
   736 | D:1      | Reached XP level 3. HP: 23/28 MP: 0/0
   736 | D:1      | Learned a level 1 spell: Apportation
   755 | D:1      | 755 ||| UPGRADING to +0 ring mail.
   765 | D:1      | 765 ||| DROPPING +0 leather armour.
   766 | D:1      | 766 ||| READING scroll labelled OCAECO SAEN.
   867 | D:1      | 867 ||| READING scroll labelled BIUTUQ YCE ZIK.
   867 | D:1      | 867 ||| BRANDING +0 shortbow.
   868 | D:1      | 868 ||| DRINKING 2 bubbling pink potions.
   869 | D:1      | 869 ||| DROPPING scroll of butterflies.
   870 | D:1      | 870 ||| DROPPING potion of attraction.
   922 | D:2      | Reached skill level 1 in Armour
  1019 | D:2      | Identified the +2 robe "Xostrod" {rPois rF- Int+3 Dex+4}
  1088 | D:2      | Noticed a scorpion
  1104 | D:2      | HP: 7/29 [scorpion (3)]
  1107 | D:2      | HP: 1/29 [scorpion (4)]
  1108 | D:2      | Slain by a scorpion

Levels and vault maps discovered:
D:1:      mrwooster_arrival_statue_3, layout_basic
D:2:      kennysheep_six_static_rooms, layout_basic,
          nicolae_ecumenical_lake_church, basic_altar,
          hangedman_abyss_or_decor_stabs

Skill      XL: |  1  2  3 |
---------------+----------+-----
Ranged Weapons | 4 |  4.0
Armour         | 1 |  1.0
Fighting       | |  2.3
Dodging        | |  2.1
Stealth        | |  0.7

Action                     || total
---------------------------++-------
   Fire: Shortbow          ||   105
    Use: Scroll            ||     2
         Potion            ||     1
 Armour: Leather armour    ||    17
         Ring mail         ||    26
  Dodge: Dodged            ||    42

Table legend:
 A = Non-vault XP
 B = Vault XP
 C = Vault XP percentage of total XP
 D = Non-vault monster count
 E = Vault monster count
 F = Vault count percentage of total count
                 A         B        C        D         E       F
            +---------+---------+-------+---------+---------+-------
      Total |      61 |       7 |  10.3 |      24 |       5 |  17.2
            +---------+---------+-------+---------+---------+-------
        D:1 |      36 |       0 |   0.0 |      16 |       0 |   0.0
        D:2 |      25 |       7 |  21.9 |       8 |       5 |  38.5
            +---------+---------+-------+---------+---------+-------
